 Dungeon Crawl Stone Soup version 0.22.1-6-g1668fe2 (webtiles) character file.

23 Tiagovsky the Firebug (level 2, -4/23 HPs)
             Began as a Draconian Fire Elementalist on Jan 29, 2019.
             Slain by a bullfrog (5 damage)
             ... on level 1 of the Dungeon.
             The game lasted 00:06:18 (1255 turns).

Tiagovsky the Firebug (Draconian Fire Elementalist) Turns: 1255, Time: 00:06:18

Health: -4/23      AC:  4    Str: 10    XL:     2   Next: 75%
Magic:  4/5        EV: 12    Int: 15    God:
Gold:   53         SH:  0    Dex: 11    Spells: 2/5 levels left

rFire    . . .     SeeInvis .   f - staff of energy
rCold    . . .     Gourm    .   (no shield)
rNeg     . . .     Faith    .   (armour unavailable)
rPois    .         Spirit   .   (helmet restricted)
rElec    .         Reflect  .   (no cloak)
rCorr    .         Harm     .   (no gloves)
MR       .....                  (no boots)
Stlth    ++........             (no amulet)
HPRegen  0.07/turn              (no ring)
MPRegen  0.09/turn              (no ring)

@: no status effects
A: unfitting armour, cold-blooded, AC +4
a: no special abilities


You were on level 1 of the Dungeon.
You were not hungry.

You visited 1 branch of the dungeon, and saw 2 of its levels.

You collected 53 gold pieces.

Inventory:

Missiles
 e - 72 stones (quivered)
Magical Staves
 f - an uncursed staff of energy (weapon)
Scrolls
 a - a scroll of identify
Potions
 g - a potion of flight {unknown}
 i - a potion of curing {unknown}
Comestibles
 b - 4 rations


   Skills:
 + Level 1.2 Fighting
 + Level 0.0 Staves
 - Level 1.7 Dodging
 - Level 1.7 Stealth
 + Level 2.3 Spellcasting
 + Level 1.5 Conjurations
 + Level 3.2 Fire Magic


You had 2 spell levels left.
You knew the following spells:

 Your Spells              Type           Power        Failure   Level  Hunger
a - Flame Tongue          Conj/Fire      #....        8%          1    None
b - Throw Flame           Conj/Fire      #.....       12%         2    None

Your spell library contained the following spells:

 Spells                   Type           Power        Failure   Level  Hunger
 Conjure Flame            Conj/Fire      #.......     24%         3    None
 Inner Flame              Hex/Fire       #.......     32%         3    None
 Sticky Flame             Conj/Fire      #.......     61%         4    None
 Fireball                 Conj/Fire      #.........   91%         5    None


Dungeon Overview and Level Annotations

Branches:
Dungeon (2/15)

Altars:


Innate Abilities, Weirdness & Mutations

Your plain brown scales are hard. (AC +4)
You cannot fit into any form of body armour.
You are cold-blooded and may be slowed by cold attacks.


Message History

There is a stone staircase leading up here.
An orc comes into view. It is wielding a flail.
The orc shouts!
A bullfrog comes into view.
A worm comes into view.
The bullfrog croaks.
You hear a shout!
The bullfrog hits you! The bullfrog barely misses you.
There is a stone staircase leading up here.
The bullfrog hits you!
You climb upwards.
There is a stone staircase leading down here.
Casting: Flame Tongue (safe; 8% risk of failure)
Confirm with . or Enter, or press ? or * to list all spells.
Aiming: Flame Tongue (safe; 8% risk of failure)
Press: ? - help, Shift-Dir - straight line, f - bullfrog
Aim: a bullfrog The flame tongue misses the bullfrog.
The bullfrog hits you!
* * * LOW HITPOINT WARNING * * *
The bullfrog hits you.
You die...

#.#.#.#..#.)...............
#.#..........######.#.####.
#.###.#.##...##...#.#.####.
####............##...#.#.#<##.
#........#.##.#.##...#.#.##.##
#.########.##.#.##...#.#..#..#
#.# #......##.#...........##..
#.# #.#######.####...#.##..#..
#.# #.# #####@.............##.
#.# #.# #....F..........##..#.
#.# #.# #.########......##..##
#.###.###.##### #.......#...#
#.............# #####.#.#.#.#
#####.####)...# #.#.#.#.. #.#
#....# #.#...##. #.# #....#
#.##..##. ###'####....#
##.##..###


You could see a bullfrog.

Vanquished Creatures
  2 leopard geckos (D:1)
  3 bats (D:1)
  A giant cockroach (D:1)
  4 goblins (D:1)
  3 hobgoblins (D:1)
  A ball python (D:1)
  4 kobolds (D:1)
  5 rats (D:1)
23 creatures vanquished.

Notes
Turn   | Place    | Note
-------+----------+-------------------------------------------
     0 | D:1      | Tiagovsky the Draconian Fire Elementalist began the quest
                  | for the Orb.
     0 | D:1      | Reached XP level 1. HP: 14/14 MP: 3/3
   425 | D:1      | Reached XP level 2. HP: 22/22 MP: 3/5
   528 | D:1      | Reached skill level 1 in Fighting
  1167 | D:1      | Learned a level 2 spell: Throw Flame
  1243 | D:2      | Noticed a bullfrog
  1255 | D:1      | HP: 1/23 [bullfrog (8)]
  1255 | D:1      | Slain by a bullfrog

Skill      XL: |  1  2 |
---------------+-------+-----
Fighting       | 1 |  1.2
Dodging        | |  1.7
Stealth        | |  1.7
Spellcasting   | |  2.3
Conjurations   | |  1.5
Fire Magic     | |  3.2

Action                   || total
-------------------------++-------
Melee: Dagger            ||    15
       Unarmed           ||     7
       Tailslap          ||     1
 Cast: Flame Tongue      ||    34
  Use: Scroll            ||     1
  Eat: Chunk             ||     2
Armor: Skin              ||    12
Dodge: Dodged            ||    19
